 Dungeon Crawl Stone Soup version 0.21.1-1-g345015f (webtiles) character file.

45 KillYourself the Conjurer (level 3, -2/26 HPs)
             Began as a Demigod Conjurer on June 15, 2018.
             Slain by a gnoll
             ... wielding a +0 whip
              (4 damage)
             ... on level 2 of the Dungeon.
             The game lasted 00:07:21 (872 turns).

KillYourself the Conjurer (Demigod Conjurer)         Turns: 872, Time: 00:07:22

Health: -2/26      AC:  6    Str: 11    XL:     3   Next: 25%
Magic:  1/8        EV: 11    Int: 21    God:
Gold:   73         SH:  0    Dex: 16    Spells: 4/5 levels left

rFire    . . .     SeeInvis .   g - +2 short sword (flame)
rCold    . . .     Gourm    .   (no shield)
rNeg     . . .     Faith    .   k - +0 ring mail
rPois    .         Spirit   .   (no helmet)
rElec    .         Reflect  .   (no cloak)
rCorr    .         Harm     .   m - +0 pair of gloves
MR       .....                  (no boots)
Stlth    +.........             (no amulet)
HPRegen  0.08/turn              (no ring)
MPRegen  0.11/turn              (no ring)

@: no status effects
A: high mp 1
a: no special abilities


You were on level 2 of the Dungeon.
You were not hungry.

You visited 1 branch of the dungeon, and saw 2 of its levels.

You collected 73 gold pieces.

Inventory:

Hand Weapons
 g - a +2 short sword of flaming (weapon)
 j - a +0 hand axe
 n - a +2 dagger of protection
Armour
 a - a +0 robe
 d - a +0 pair of gloves
 k - a +0 ring mail (worn)
 m - a +0 pair of gloves (worn)
Scrolls
 e - 3 scrolls of teleportation {unknown}
 f - a scroll of identify {unknown}
 h - a scroll of noise {unknown}
 o - a scroll of enchant armour {unknown}
 p - a scroll of enchant weapon {unknown}
Potions
 i - a potion of lignification {unknown}
Books
 b - a book of Conjurations

   Spells                             Type                      Level
   a - Magic Dart                     Conjuration                  1
   b - Searing Ray                    Conjuration                  2
   c - Dazzling Spray                 Conjuration/Hexes            3
   d - Fulminant Prism                Conjuration/Hexes            4
   e - Force Lance                    Conjuration/Translocation    4
   f - Iskenderun's Mystic Blast      Conjuration                  4
Comestibles
 c - 2 rations
 l - 4 chunks of flesh


   Skills:
 + Level 0.8 Short Blades
 + Level 0.1 Armour
 + Level 1.8 Dodging
 + Level 2.0 Stealth
 + Level 1.8 Spellcasting
 + Level 4.4 Conjurations


You had 4 spell levels left.
You knew the following spells:

 Your Spells              Type           Power        Failure   Level  Hunger
a - Magic Dart            Conj           ###.         6%          1    #......


Dungeon Overview and Level Annotations

Branches:
Dungeon (2/15)


Innate Abilities, Weirdness & Mutations

You have an increased reservoir of magic. (+10% MP)


Message History

The gnoll is severely wounded.
The gnoll misses you.
The hobgoblin hits you but does no damage.
You hit the gnoll but do no damage.
The gnoll is severely wounded.
The gnoll closely misses you. The hobgoblin closely misses you.
You hit the gnoll. You burn the gnoll.
The gnoll is almost dead.
The hobgoblin closely misses you.
You barely miss the gnoll.
The gnoll hits you from afar with a spear!
* * * LOW HITPOINT WARNING * * *
The hobgoblin hits you but does no damage.
The gnoll hits you but does no damage.
You hit the gnoll. You burn the gnoll.
The gnoll is lightly wounded.
The gnoll hits you from afar with a spear.
* * * LOW HITPOINT WARNING * * *
The hobgoblin closely misses you. The gnoll hits you with a whip.
You die...

##.### #.# ##.#
#..#.# #.#
.###...#####.#.#
#.#
..........##.#.#
#.# .....
...##.#.# #.#
.##.#.###.##(#.#
#.#
...........(...#
......#.#.##.###
..........##.#
...⌠...@#.##.#
......gg#.##.#
....().g#.##.#
.............#
.#####..#.#.##
.....#. #..###
....


You could see 2 gnolls and a hobgoblin.

Vanquished Creatures
  2 gnolls
  A dart slug (D:1)
  2 leopard geckos
  A giant cockroach (D:1)
  2 goblins
  2 hobgoblins
  3 kobolds
  6 bats
  2 frilled lizards
  3 rats
24 creatures vanquished.

Notes
Turn   | Place    | Note
-------+----------+-------------------------------------------
     0 | D:1      | KillYourself the Demigod Conjurer began the quest for the Orb.
     0 | D:1      | Reached XP level 1. HP: 14/14 MP: 5/5
   161 | D:1      | Reached skill level 4 in Conjurations
   161 | D:1      | Reached XP level 2. HP: 16/20 MP: 7/7
   853 | D:2      | Reached XP level 3. HP: 26/26 MP: 6/8
   872 | D:2      | Slain by a gnoll

Skill      XL: |  1  2  3 |
---------------+----------+-----
Conjurations   | 4 |  4.4
Stealth        | 2 |  2.0
Short Blades   | |  0.8
Armour         | |  0.1
Dodging        | |  1.8
Spellcasting   | |  1.8

Action                   || total
-------------------------++-------
Melee: Short sword       ||    17
 Cast: Magic Dart        ||    35
Armor: Ring mail         ||     6
       Robe              ||     1
Dodge: Dodged            ||    13
